 Dungeon Crawl Stone Soup version 0.29.0-13-gc9e81de378 (webtiles) character file.

Game seed: 11573178196912535136

2658 H0rd4k the Slicer (level 9, -9/68 HPs)
             Began as a Human Artificer on Sept 8, 2022.
             Was an Initiate of Gozag.
             Mangled by Pikel
             ... wielding a +1 whip of electrocution
              (17 damage)
             ... on level 6 of the Dungeon.
             The game lasted 00:13:15 (9389 turns).

H0rd4k the Slicer (Human Artificer)                 Turns: 9389, Time: 00:13:15

Health: -9/68      AC:  6    Str: 13    XL:     9   Next: 94%
Magic:  9/9        EV: 13    Int: 15    God:    Gozag
Gold:   410        SH:  0    Dex: 14    Spells: 8/8 levels left

rFire   . . .      SeeInvis .   n - +4 dagger (venom)
rCold   . . .      Faith    .   (no shield)
rNeg    . . .      Spirit   .   b - +0 leather armour
rPois   .          Reflect  .   x - +2 hat
rElec   .          Harm     .   (no cloak)
rCorr   .          Rampage  .   (no gloves)
Will    .....                   k - +0 pair of boots
Stlth   +.........              (no amulet)
HPRegen 0.21/turn               F - ring of flight
MPRegen 0.11/turn               (no ring)

@: flying
A: no striking features
a: Renounce Religion, Potion Petition, Call Merchant, Bribe Branch


You were on level 6 of the Dungeon.
You worshipped Gozag.
Gozag was aware of your devotion.
You visited 2 branches of the dungeon, and saw 8 of its levels.

You collected 530 gold pieces.
You paid 120 gold pieces to Gozag.

Inventory:

Hand Weapons
 i - a +3 whip
 l - a +1 dagger of holy wrath
 n - a +4 dagger of venom (weapon)
 L - a +2 shortbow of flaming
 R - a +3 great sword of freezing
Missiles
 E - a throwing net
 Q - 2 poisoned darts
Armour
 b - a +0 leather armour (worn)
 k - a +0 pair of boots (worn)
 x - a +2 hat (worn)
Magical Staves
 H - a staff of poison
Jewellery
 F - a ring of flight (left hand)
Wands
 c - a wand of flame (7) (quivered)
 d - a wand of charming (1)
 e - a wand of acid (8)
 G - a wand of digging (5)
Scrolls
 a - a scroll of fear {unknown}
 o - 2 scrolls of torment {unknown}
 q - 3 scrolls of teleportation
 s - a scroll of immolation {unknown}
 t - 2 scrolls of poison {unknown}
 u - a scroll of magic mapping {unknown}
 v - a scroll of fog {unknown}
 w - a scroll of brand weapon {unknown}
 y - 3 scrolls of enchant weapon {unknown}
 B - a scroll of vulnerability {unknown}
 C - a scroll of blinking {unknown}
 D - 2 scrolls of summoning
 I - a scroll of acquirement {unknown}
 N - a scroll of enchant armour {unknown}
 O - a scroll of silence {unknown}
Potions
 g - 2 potions of attraction
 j - a potion of degeneration {unknown}
 m - 2 potions of flight
 p - 3 potions of haste
 r - a potion of heal wounds
 z - 2 potions of curing
 A - a potion of mutation {unknown}
 J - a potion of lignification {unknown}
 K - 2 potions of might
 M - a potion of berserk rage {unknown}
 P - 2 potions of invisibility {unknown}


   Skills:
 + Level 5.3 Fighting
 * Level 10.3 Short Blades
 + Level 2.2 Maces & Flails
 - Level 2.0 Armour
 + Level 4.5 Dodging
 - Level 1.0 Stealth
 - Level 3.0 Evocations


You had 8 spell levels left.
You didn't know any spells.
Your spell library contained the following spells:

 Spells                   Type           Power      Damage    Failure   Level
 Sublimation of Blood     Necr           0%         N/A       45%         2
 Petrify                  Tmut/Erth      0%         N/A       98%         4
 Irradiate                Conj/Tmut      0%         3d11      100%        5


Dungeon Overview and Level Annotations

Branches:
Dungeon (7/15)             Temple (1/1) D:4

Altars:
Ashenzari
Cheibriados
Dithmenos
Elyvilon
Fedhas
Gozag
Hepliaklqana
Kikubaaqudgha
Makhleb
Nemelex Xobeh
Okawaru
Qazlal
Ru
Sif Muna
Trog
Wu Jian
Xom
Yredelemnul
Zin
The Shining One

Shops:
D:5 ([[(   D:6 [

Annotations:
D:1 exclusion: 2 downstairs
D:2 Terence
D:4 2 transporters
D:5 exclusion: 2 downstairs
D:6 Pikel


Message History

Pikel hits you with a +1 whip of electrocution!
You are electrocuted!!
The lemure barely misses you.
You fly upwards.
There is a stone staircase leading down here.
Pikel hits you with a +1 whip of electrocution.
Pikel attacks as you move away!
Pikel hits you with a +1 whip of electrocution.
Pikel says, "You'll feel the lick of my whip!"
Pikel attacks as you move away! Pikel barely misses you.
The lemure attacks as you move away! The lemure barely misses you.
Pikel attacks as you move away!
Pikel hits you with a +1 whip of electrocution.
Pikel says, "I just want to get paid!"
You hit Pikel but do no damage. Pikel closely misses you.
You closely miss Pikel. You hit Pikel but do no damage.
Pikel is poisoned.
Pikel closely misses you.
You hit Pikel but do no damage.
Pikel looks as sick as possible!
Pikel is lightly wounded.
You hit Pikel but do no damage.
Pikel is lightly wounded.
Pikel hits you with a +1 whip of electrocution!
* * * LOW HITPOINT WARNING * * *
Pikel attacks as you move away!
Pikel hits you with a +1 whip of electrocution!
* * * LOW HITPOINT WARNING * * *
There is an open door here.
You feel much better.
Pikel hits you with a +1 whip of electrocution.
You hit Pikel but do no damage.
Pikel looks as sick as possible!
Pikel is heavily wounded.
Pikel attacks as you move away!
Pikel hits you with a +1 whip of electrocution.
You are electrocuted!!
* * * LOW HITPOINT WARNING * * *
Pikel attacks as you move away!
Pikel hits you with a +1 whip of electrocution!
* * * LOW HITPOINT WARNING * * *
You are electrocuted!
You die...
Your body crumbles into a pile of gold.

...<...........#.#
...............#.#
.........#######'####
.##.........##......#
............##....<.#
...e........##......#
........#...#...5...#
............#...K...#
............#...@...####
............##.........#
....#######..#.......#.#
....#.....#......#+#.#.#
....#.....#.####.#...#.#
....#.._..'.###....###.#
....#.....#.##.........#
....#.....#.##.......###
....#######..#.......#


You could see Pikel (extremely poisoned) and a lemure.

Vanquished Creatures
  Prince Ribbit (D:7)
  2 water moccasins (D:5)
  Duvessa (D:6)
  A sky beast (D:7)
  3 ice beasts
  3 centaurs
  3 lemures (D:6)
  A bullfrog (D:7)
  A necrophage (D:6)
  A scorpion (D:5)
  Dowan (D:6)
  A wight (D:7)
  4 hounds
  4 jellies
  2 gnoll boudas (D:6)
  5 iguanas
  4 orc wizards
  13 gnolls
  9 adders
  7 river rats (D:6)
  3 shadow imps
  A white imp (D:6)
  4 worms
  2 dart slugs
  15 orcs
  6 bats
  3 endoplasms
  4 giant cockroaches
  8 goblins
  7 hobgoblins
  6 jackals
  5 kobolds
  12 quokkas
  5 ball pythons
  3 frilled lizards
  18 rats
169 creatures vanquished.

Vanquished Creatures (collateral kills)
  Menkaure (D:7)
  3 wights (D:7)
  An orc priest (D:6)
  A gnoll (D:6)
  3 orcs
9 creatures vanquished.

Vanquished Creatures (others)
  An ogre (D:6)
  A bullfrog (D:6)
  A wight (D:7)
  2 orc priests (D:6)
5 creatures vanquished.

Grand Total: 183 creatures vanquished

Notes
Turn   | Place    | Note
-------+----------+-------------------------------------------
     0 | D:1      | H0rd4k the Human Artificer began the quest for the Orb.
     0 | D:1      | Reached XP level 1. HP: 15/15 MP: 1/1
   530 | D:1      | Reached XP level 2. HP: 17/21 MP: 2/2
   750 | D:1      | Reached skill level 1 in Maces & Flails
   804 | D:1      | Found a faded altar of an unknown god.
  1028 | D:1      | Reached XP level 3. HP: 21/26 MP: 3/3
  1297 | D:2      | Noticed Terence
  2427 | D:3      | Reached skill level 1 in Short Blades
  2460 | D:3      | Reached XP level 4. HP: 33/33 MP: 4/4
  2515 | D:3      | Found a sparkling altar of Nemelex Xobeh.
  3300 | D:4      | Reached skill level 2 in Short Blades
  3350 | D:4      | Found a basalt altar of Yredelemnul.
  3350 | D:4      | Found a hazy altar of Hepliaklqana.
  3354 | D:4      | Found a transporter.
  3354 | D:4      | Noticed a scorpion
  3355 | D:4      | Noticed a kobold brigand
  3393 | D:4      | Found a transporter.
  3451 | D:4      | Reached XP level 5. HP: 38/38 MP: 5/5
  3488 | D:4      | Reached skill level 3 in Short Blades
  3580 | D:4      | Found a staircase to the Ecumenical Temple.
  3720 | Temple   | Entered the Ecumenical Temple
  3868 | D:4      | Reached XP level 6. HP: 33/45 MP: 6/6
  4358 | D:5      | Entered Level 5 of the Dungeon
  4391 | D:5      | Reached skill level 4 in Short Blades
  4727 | D:5      | Reached skill level 5 in Short Blades
  4727 | D:5      | Reached XP level 7. HP: 31/51 MP: 7/7
  4894 | D:5      | Found Iwni's Antique Armour Shoppe.
  4947 | D:5      | Found Woxiu's Armour Emporium.
  5012 | D:5      | Noticed a water moccasin
  5021 | D:5      | Killed a water moccasin
  5028 | D:5      | Found Toose's Antique Weapon Boutique.
  5540 | D:5      | Noticed a water moccasin
  5551 | D:5      | Killed a water moccasin
  5552 | D:5      | Reached skill level 6 in Short Blades
  5552 | D:5      | Reached XP level 8. HP: 44/58 MP: 8/8
  5888 | D:5      | Found a sacrificial altar of Ru.
  6015 | D:5      | Found Urytemum's Antique Weapon Shoppe.
  6173 | D:6      | Found a broken altar of Ashenzari.
  6220 | D:6      | Reached skill level 7 in Short Blades
  6683 | D:6      | Noticed Duvessa
  6748 | D:6      | Found Namon's Antique Armour Shop.
  6763 | D:6      | Found a stormy altar of Qazlal.
  6845 | D:7      | Noticed Prince Ribbit
  6876 | D:7      | Killed Prince Ribbit
  7140 | D:7      | Found a shimmering altar of Xom.
  7148 | D:7      | Reached skill level 8 in Short Blades
  7177 | D:7      | Reached XP level 9. HP: 39/65 MP: 9/9
  7381 | D:7      | Noticed Menkaure
  7383 | D:7      | Killed Menkaure
  7384 | D:7      | Reached skill level 9 in Short Blades
  7405 | D:7      | Noticed Pikel
  7850 | D:6      | Noticed Dowan
  7870 | D:6      | Killed Dowan
  7910 | D:6      | Reached skill level 5 in Fighting
  8055 | D:6      | Killed Duvessa
  8178 | D:6      | Found an opulent altar of Gozag.
  8252 | D:6      | Became a worshipper of Gozag Ym Sagoz the Greedy
  8325 | D:6      | Reached skill level 10 in Short Blades
  9389 | D:6      | Mangled by Pikel

Illustrated notes

Levels and vault maps discovered:
D:1:      dpeg_arrival_rooms_with_view, layout_loops_cross,
          basic_ecumenical_altar
D:2:      layout_loops_ring, uniq_terence
D:3:      layout_basic, lemuel_round_altar, grunt_ministairs_9
D:4:      layout_loops_ring, gammafunk_temple_overflow_arena,
          minmay_temple_entry_stoned_glass, kennysheep_crisscross
D:5:      layout_loops_ring, nicolae_ru_path_of_blood, serial_shops,
          nicolae_stop_n_shop_2, nicolae_shop_crystal, nicolae_diamond_shop,
          nicolae_take_the_stairs, grunt_decor_fettered, nrook_uturn,
          st_stairs_8
D:6:      lemuel_ratsnest, layout_basic, lemuel_round_altar,
          mainiacjoe_overflow_catwalk, amcnicky_altar_gilded, serial_shops,
          nicolae_diamond_shop, uniq_duvessa
D:7:      layout_loops_cross, mainiacjoe_overflow_alcove_2, vehumet_statue,
          amcnicky_mini_corridor_feature, uniq_crazy_yiuf_cottage,
          uniq_prince_ribbit1, uniq_pikel, uniq_menkaure
Temple:   nicolae_temple_no_exploring_needed

Skill      XL: |  1  2  3  4  5  6  7  8  9 |
---------------+----------------------------+-----
Maces & Flails | 1 2 |  2.2
Short Blades   | 1 2 3 5 6 8 10 | 10.3
Fighting       | 2 3 4 5 |  5.3
Dodging        | 2 3 4 |  4.5
Armour         | |  2.0
Stealth        | |  1.0
Evocations     | |  3.0

Action                   |  1- 3 |  4- 6 |  7- 9 || total
-------------------------+-------+-------+-------++-------
Melee: Club              |    22 |       |       ||    22
       Dagger            |    62 |   165 |   372 ||   599
       Whip              |    38 |       |       ||    38
       Punch             |       |     3 |     6 ||     9
Evoke: Wand              |     4 |       |    24 ||    28
  Use: Scroll            |       |       |     8 ||     8
       Potion            |       |       |     1 ||     1
 Stab: Sleeping          |     1 |     3 |     2 ||     6
       Distracted        |       |       |     1 ||     1
Armor: Leather armour    |    43 |    32 |    66 ||   141
Dodge: Dodged            |    65 |    58 |   155 ||   278
